Map: [ESL] Berlingrad

Players

Spirit - Winner!

  • Race: Terran Terran

Nice

  • Race: Protoss Protoss

Event: IEM Katowice 2022

VOD

Have the link to the VOD?

Description

Time

  • Played on: Feb. 23, 2022, 1:18 p.m.
  • Length: 33:33

All games in this series

Show
View Real Time Build Order
Export as new Build Order

Spirit Terran - Winner!

Build Orders:  

Get SALT Encoding   

  12  0:00  SCV  
  13  0:12  SCV  
  14  0:17  Supply Depot  
  14  0:24  SCV  
  15  0:38  SCV  
  15  0:42  Barracks  
  16  0:45  Refinery  
  16  0:50  SCV  
  17  1:03  SCV  
  18  1:16  SCV  
  19  1:29  Marine, Orbital Command  
  20  1:43  Command Center  
  20  1:47  Reaper  
  21  1:55  SCV  
  21  1:59  Supply Depot  
  22  2:07  SCV  
  23  2:18  Factory  
  23  2:20  Marine  
  23  2:21  SCV  
  25  2:27  Bunker  
  25  2:33  SCV  
  25  2:35  Refinery  
  26  2:40  Barracks Reactor  
  26  2:45  SCV  
  27  2:55  Orbital Command  
  27  2:57  SCV  
  28  3:03  Hellion  
  28  3:05  Starport  
  30  3:09  SCV  
  31  3:17  Marine x2  
  33  3:22  SCV  
  33  3:25  Widow Mine  
  33  3:26  Supply Depot  
  36  3:30  SCV  
  37  3:36  Marine x2  
  37  3:37  SCV  
  37  3:42  SCV  
  37  3:46  Widow Mine  
  39  3:49  SCV  
  39  3:54  SCV, Marine x2  
  43  4:01  SCV  
  41  4:06  SCV  
  40  4:12  Marine  
  40  4:13  SCV  
  42  4:18  SCV, Factory Tech Lab  
  42  4:21  Marine  
  44  4:25  SCV, Viking  
  44  4:31  SCV  
  47  4:37  SCV  
  45  4:39  Cyclone  
  45  4:43  SCV  
  50  4:48  Command Center  
  50  4:49  SCV  
  48  4:53  Marine  
  48  4:55  SCV  
  48  4:57  Marine  
  51  5:01  SCV  
  51  5:03  Supply Depot  
  51  5:05  Supply Depot  
  52  5:07  SCV  
  52  5:11  Marine  
  54  5:25  SCV x2, Viking, Cyclone  
  54  5:26  Supply Depot  
  54  5:27  Supply Depot  
  61  5:34  Barracks  
  61  5:35  Barracks  
  61  5:37  Marine x2  
  61  5:40  SCV x2  
  65  5:47  Engineering Bay  
  65  5:50  Engineering Bay  
  65  5:52  SCV x2  
  65  5:55  Refinery, Marine  
  65  5:56  Refinery  
  66  6:01  Siege Tank  
  69  6:04  SCV x2  
  69  6:09  Starport Tech Lab  
  69  6:11  Orbital Command  
  71  6:16  SCV  
  71  6:17  Terran Infantry Weapons Level 1  
  72  6:19  Terran Infantry Armor Level 1  
  72  6:22  Missile Turret  
  72  6:24  Barracks Tech Lab  
  73  6:25  SCV  
  73  6:33  Siege Tank  
  73  6:36  SCV  
  73  6:37  Starport Reactor  
  76  6:40  Stimpack  
  76  6:42  Marine x4  
  76  6:43  Combat Shield  
  76  6:45  SCV x2  
  82  6:55  SCV  
  82  6:56  Barracks  
  82  6:58  Barracks  
  82  7:00  Marine  
  82  7:01  Missile Turret, Marauder  
  86  7:05  Siege Tank  
  89  7:13  SCV  
  90  7:16  SCV, Marine, Marauder  
  90  7:18  Medivac  
  90  7:19  Bunker  
  90  7:21  Bunker, Medivac  
  90  7:22  Marauder  
  99  7:25  SCV  
  99  7:29  Orbital Command  
  100  7:31  Supply Depot  
  100  7:33  Supply Depot  
  99  7:37  Marauder  
  101  7:45  Supply Depot, Barracks Reactor, Barracks Tech Lab  
  101  7:46  Supply Depot  
  101  7:52  SCV x2, Siege Tank  
  101  7:53  Medivac  
  101  7:54  SCV  
  101  7:57  Bunker  
  101  7:58  Supply Depot  
  109  8:01  Supply Depot  
  109  8:07  SCV x3, Marine x2, Medivac, Marauder x2  
  120  8:14  Refinery  
  120  8:15  Refinery, Marine  
  120  8:19  SCV x3  
  124  8:23  Medivac  
  124  8:24  Marine  
  124  8:25  Marine  
  128  8:31  Supply Depot, SCV x2  
  128  8:33  Siege Tank  
  133  8:35  SCV  
  133  8:37  Medivac  
  133  8:41  Ghost Academy  
  136  8:43  SCV x2  
  136  8:44  Supply Depot x2, Marine x2  
  136  8:47  Marine  
  143  8:58  Command Center  
  142  9:03  Marine, Marauder  
  142  9:05  Siege Tank  
  142  9:07  Marine  
  153  9:11  Sensor Tower  
  153  9:12  Ghost x2  
  153  9:13  Marine  
  153  9:14  Marine  
  153  9:21  Marine  
  153  9:23  Medivac  
  153  9:24  Ghost  
  156  9:25  Marine  
  156  9:31  Marine  
  160  9:37  Marine  
  160  9:39  Marine  
  160  9:41  Marauder  
  160  9:42  Marauder  
  160  9:43  Marine  
  163  9:46  SCV x2, Enhanced Shockwaves  
  163  9:48  Supply Depot, Marine  
  163  9:49  Supply Depot  
  163  9:51  Armory  
  163  9:52  Ghost  
  162  9:54  Marine  
  162  9:57  Marine  
  162  9:58  Supply Depot  
  163  10:01  Siege Tank  
  163  10:03  Marauder x2  
  170  10:09  Barracks  
  170  10:10  Barracks  
  170  10:14  Marine  
  170  10:18  Marine  
  170  10:21  Ghost  
  172  10:23  SCV x2, Marine  
  172  10:24  Marauder x2  
  181  10:29  Marine  
  181  10:34  Marine  
  183  10:36  SCV  
  186  10:45  Ghost x2  
  190  10:50  Marauder  
  190  10:51  Sensor Tower, Refinery, Terran Infantry Weapons Level 2  
  190  10:52  Terran Infantry Armor Level 2  
  190  10:53  Marine  
  190  10:55  Refinery  
  188  11:00  SCV  
  188  11:01  SCV  
  190  11:07  SCV  
  189  11:11  Marauder  
  189  11:14  Marauder, Marine  
  175  11:19  Marine  
  175  11:20  Marauder  
  175  11:21  Marine x3  
  175  11:22  Marine  
  163  11:30  Medivac x2  
  163  11:32  Marine  
  155  11:33  Marauder  
  155  11:35  Marauder  
  155  11:37  Marine  
  155  11:39  Marine x3  
  163  11:40  Marine  
  163  11:41  Planetary Fortress, Marauder  
  163  11:42  SCV  
  163  11:46  SCV  
  168  11:50  Marine  
  168  11:54  Marine  
  169  11:55  Marine  
  169  11:56  Marine  
  169  11:57  Marine x3  
  169  11:59  Medivac  
  173  12:02  Marauder  
  173  12:08  Marine x2  
  171  12:12  Marauder  
  171  12:13  Marine  
  171  12:14  Marine x2  
  177  12:20  Marine  
  177  12:21  Medivac  
  177  12:22  Marine  
  163  12:24  Marauder  
  143  12:30  Marine  
  143  12:31  Marine  
  143  12:32  Marauder  
  143  12:33  Marauder  
  143  12:36  Marine  
  148  12:40  Medivac  
  148  12:41  Marine  
  148  12:43  Marine  
  139  12:45  Marauder  
  139  12:47  Marine  
  139  12:50  Marine  
  140  12:52  Medivac  
  140  12:54  Marauder  
  140  12:56  SCV  
  144  12:59  Widow Mine, SCV  
  144  13:00  Marine  
  144  13:03  SCV  
  140  13:07  Ghost, Marine  
  140  13:08  Marine  
  140  13:11  Marine  
  143  13:13  Medivac  
  143  13:15  SCV  
  143  13:17  SCV, Marine  
  143  13:18  Refinery x2, Marauder  
  147  13:21  Marine  
  147  13:22  Medivac  
  147  13:27  Marine  
  144  13:31  Marine  
  144  13:34  Marine  
  137  13:38  Ghost x2  
  140  13:43  Marine, Medivac  
  140  13:45  Marine  
  144  13:51  SCV x2  
  144  13:52  Medivac  
  144  13:54  Sensor Tower  
  144  13:55  Barracks Tech Lab  
  146  13:56  SCV  
  146  13:59  Command Center  
  146  14:02  Terran Infantry Weapons Level 3  
  146  14:03  SCV x2, Barracks Tech Lab  
  146  14:08  SCV  
  149  14:10  Marine x3, Marauder  
  149  14:12  Marine  
  155  14:18  Ghost x2, Marine  
  155  14:21  Siege Tank  
  161  14:28  Marine, Marauder  
  163  14:35  Marine, Marauder  
  163  14:37  Marauder  
  165  14:44  Marine  
  161  14:47  Medivac x2  
  161  14:48  Marine  
  167  14:53  Siege Tank  
  172  15:04  Marine  
  166  15:08  Marauder x2  
  166  15:10  Marauder  
  166  15:11  Marine, Marauder  
  162  15:17  Viking x2  
  164  15:21  Marine  
  164  15:24  Marine, Marauder  
  164  15:28  Terran Infantry Armor Level 3, Marine  
  168  15:29  Marauder  
  168  15:31  Starport  
  168  15:35  Marine, Marauder  
  174  15:40  Marine, Marauder  
  169  15:43  SCV x3  
  169  15:44  Marine, Marauder  
  169  15:46  Marauder  
  169  15:47  Viking x2  
  169  15:49  Ghost Academy, Marine  
  181  15:51  Marauder  
  181  15:55  SCV  
  181  15:57  Marine  
  181  15:59  Marine  
  181  16:00  Marine  
  181  16:02  Marauder, Marine  
  172  16:05  Marine  
  172  16:06  Marine  
  172  16:07  Marine  
  172  16:09  Viking  
  154  16:12  Marine  
  154  16:16  Marine  
  154  16:17  Viking  
  154  16:18  Marine  
  142  16:19  Marine  
  142  16:21  Marine  
  142  16:23  Marauder, Marine  
  138  16:27  Marine, Marauder  
  138  16:28  SCV  
  138  16:29  Planetary Fortress, Orbital Command  
  138  16:31  Marauder  
  130  16:34  Marine  
  130  16:36  Marine  
  130  16:37  Marine  
  130  16:39  Marine, Medivac  
  135  16:41  Marine  
  135  16:44  Marine x2  
  135  16:46  SCV x2  
  140  16:48  Marine  
  140  16:52  Marine, Marauder  
  140  16:54  Marine  
  141  16:59  Ghost x2  
  141  17:00  SCV  
  140  17:01  Ghost  
  140  17:02  SCV  
  140  17:05  SCV  
  137  17:12  SCV  
  137  17:14  Medivac x2  
  142  17:18  Ghost  
  142  17:21  Ghost  
  145  17:27  Marine  
  145  17:28  Marauder x2  
  145  17:29  Marine  
  150  17:31  Marauder  
  150  17:35  Marine  
  150  17:36  Marine  
  157  17:37  Widow Mine  
  151  17:44  Viking  
  151  17:48  Ghost, Marauder  
  151  17:49  Marauder  
  159  17:56  Viking x2  
  165  17:58  Widow Mine  
  165  17:59  Orbital Command  
  165  18:00  Marine  
  150  18:14  SCV, Viking  
  150  18:15  Marine  
  150  18:16  Marauder  
  150  18:17  Marauder  
  155  18:21  Ghost, Marine  
  155  18:26  Viking x2  
  162  18:29  Sensor Tower  
  162  18:30  SCV x2, Refinery  
  162  18:31  Refinery  
  162  18:33  Marauder  
  166  18:37  Marine, Marauder  
  169  18:42  Marine, Marauder  
  169  18:43  SCV, Marauder  
  169  18:46  Marine  
  177  18:50  Marauder  
  177  18:51  Sensor Tower  
  177  19:05  Orbital Command  
  160  19:14  Medivac x3  
  158  19:20  Marine  
  158  19:21  Marauder  
  159  19:26  SCV  
  159  19:30  SCV  
  161  19:34  SCV  
  161  19:37  Ghost  
  165  19:39  Ghost x2, Marine  
  165  19:40  Marauder  
  165  19:42  SCV  
  165  19:43  Missile Turret x2  
  179  19:46  SCV  
  179  19:48  Refinery  
  179  19:50  Refinery  
  179  19:52  Marine, Marauder  
  176  19:53  Marine  
  176  19:54  SCV  
  177  20:01  Marauder  
  179  20:07  Marauder  
  179  20:12  Orbital Command  
  179  20:15  Fusion Core  
  179  20:16  Viking x2  
  179  20:18  Viking  
  167  20:24  Marine  
  167  20:25  Marauder x4, Marine  
  161  20:28  Marauder  
  161  20:31  Marine  
  161  20:32  SCV  
  163  20:39  Marine  
  164  20:44  SCV  
  164  20:45  Widow Mine  
  164  20:46  Marauder x4, Liberator  
  164  20:47  SCV  
  179  20:52  Supply Depot  
  179  20:54  Supply Depot  
  179  21:03  Advanced Ballistics  
  179  21:10  Marauder  
  180  21:13  Marine, Liberator x2  
  180  21:14  Marine  
  180  21:15  Ghost, Concussive Shells  
  180  21:16  Marauder  
  189  21:27  Supply Depot  
  189  21:28  Liberator  
  189  21:30  Marine, Sensor Tower  
  192  21:43  Marine  
  192  21:44  Marine  
  178  21:48  Marine  
  178  21:49  Marauder x3  
  181  21:55  Ghost  
  181  21:56  Marine, Liberator x2  
  181  21:57  Marauder  
  181  21:58  Command Center  
  186  22:01  Marine  
  186  22:07  Refinery  
  187  22:08  Refinery  
  187  22:11  Marine x2, Liberator  
  192  22:17  Marine  
  192  22:20  Marine, Sensor Tower  
  192  22:21  Marine  
  187  22:39  Marine, Liberator x2  
  187  22:43  Ghost  
  183  22:44  Marine  
  183  22:45  Marine  
  183  22:47  Marine, Marauder  
  183  22:50  Marauder  
  176  23:19  Ghost  
  166  23:22  Marine  
  166  23:25  Ghost  
  166  23:26  Marine  
  166  23:31  Medivac  
  157  23:42  Medivac  
  157  23:43  Orbital Command  
  157  23:45  Medivac  
  157  23:46  Ghost, Siege Tank  
  157  23:47  Ghost  
  168  23:48  Marine  
  168  23:49  Marauder  
  168  23:50  Marine  
  168  23:51  Marauder, Command Center  
  174  24:01  Marine, Medivac  
  174  24:02  Marauder, Marine  
  180  24:10  Refinery, Marine x2, Marauder  
  180  24:11  Refinery  
  180  24:12  Medivac  
  180  24:15  Marine x2, Medivac  
  178  24:25  Orbital Command  
  151  24:38  Marine  
  151  24:40  Marine x5  
  151  24:41  Marauder  
  151  24:42  Marauder  
  132  24:57  Marauder  
  132  24:58  Marine x5  
  137  25:03  Marauder x2  
  141  25:07  SCV  
  141  25:08  SCV  
  143  25:15  Marine x4  
  143  25:16  Marauder  
  143  25:17  Liberator  
  143  25:18  Marauder  
  144  25:23  Liberator  
  144  25:24  Marauder  
  144  25:25  Marauder  
  144  25:26  Orbital Command  
  151  25:31  Liberator  
  153  25:36  Ghost  
  153  25:39  Ghost, Marine  
  156  25:45  Ghost, Marine  
  156  25:46  Marauder  
  155  26:00  Liberator  
  151  26:06  Liberator  
  151  26:10  Marauder  
  150  26:11  Orbital Command  
  150  26:13  Liberator  
  153  26:28  Marine  
  155  26:39  Marine  
  155  26:40  Orbital Command  
  155  26:42  Liberator  
  143  26:50  Marine  
  143  26:52  Marine  
  114  26:55  Marine x3  
  107  27:02  Marine  
  106  27:10  Marine  
  106  27:13  Marine  
  98  27:28  Marine  
  94  27:38  Marine  
  92  27:44  Marine  
  92  27:46  Marine  
  92  27:48  Marine  
  89  27:52  Marine  
  89  27:56  Marine  
  77  27:58  Orbital Command  
  77  28:02  Marine  
  76  28:09  Marine  
  73  28:32  Planetary Fortress  
  67  28:35  Marauder  
  69  28:41  Marine  
  69  28:44  Marine  
  69  28:47  Marine  
  72  28:54  Marine  
  73  29:00  Marine  
  77  29:03  Marine  
  77  29:07  Marine  
  75  29:10  Siege Tank  
  75  29:11  SCV  
  75  29:12  Marine  
  75  29:17  Marine  
  79  29:19  Marine  
  79  29:21  Marine  
  82  29:28  Marine, Marauder  
  84  29:37  Marine  
  85  29:41  Marine  
  85  29:45  Marine, Marauder  
  83  29:48  Marine x2  
  83  29:51  Marine  
  86  29:54  Widow Mine  
  86  29:59  Marine  
  89  30:00  Marine  
  89  30:06  Marine  
  90  30:10  Ghost  
  92  30:17  Ghost  
  93  30:22  Marine  
  93  30:26  Marine  
  93  30:27  Marauder  
  97  30:33  Marine  
  98  30:39  Marauder  
  100  30:44  Marine  
  100  30:47  Marauder  
  100  30:49  Marauder  
  105  30:58  Marine  
  105  31:00  Marauder  
  108  31:05  Marine  
  109  31:15  Marauder x2  
  99  31:27  Marine  
  99  31:29  Marine  
  99  31:30  Marine  
  93  31:34  Marine  
  93  31:35  Marauder  
Show
View Real Time Build Order
Export as new Build Order

Nice Protoss 

Build Orders: 1 Gate Expand, Oracle Opening, Zealot Archon 

Get SALT Encoding   

  12  0:00  Probe  
  13  0:12  Probe  
  14  0:18  Pylon  
  14  0:24  Probe (Chrono Boost)  
  15  0:37  Probe (Chrono Boost)  
  15  0:39  Gateway  
  16  0:44  Probe (Chrono Boost)  
  17  0:50  Assimilator  
  17  0:53  Probe  
  18  1:05  Probe  
  19  1:17  Probe  
  20  1:26  Cybernetics Core  
  20  1:36  Nexus  
  20  1:44  Pylon  
  20  1:49  Assimilator  
  20  1:51  Probe  
  21  2:00  Adept (Chrono Boost)  
  21  2:03  Probe  
  24  2:15  Probe  
  25  2:18  Shield Battery  
  25  2:20  Adept (Chrono Boost)  
  25  2:27  Probe  
  28  2:36  Stargate  
  28  2:43  Adept (Chrono Boost)  
  29  2:54  Warp Gate  
  29  2:57  Probe  
  29  2:58  Probe  
  31  3:05  Adept (Chrono Boost)  
  31  3:09  Probe  
  31  3:10  Probe  
  35  3:21  Oracle, Probe  
  35  3:22  Probe  
  39  3:33  Probe  
  39  3:34  Probe  
  40  3:56  Oracle (Chrono Boost)  
  37  4:03  Probe x2  
  39  4:15  Probe x2  
  39  4:18  Gateway  
  39  4:23  Gateway, Phoenix (Chrono Boost)  
  39  4:27  Probe  
  43  4:38  Probe  
  43  4:40  Probe  
  43  4:42  Pylon  
  44  4:46  Phoenix  
  46  4:55  Nexus  
  46  5:01  Probe x2  
  46  5:02  Twilight Council  
  48  5:13  Probe x2 (Chrono Boost)  
  50  5:19  Forge  
  50  5:20  Forge  
  50  5:25  Probe x2 (Chrono Boost)  
  52  5:31  Probe x2 (Chrono Boost)  
  52  5:33  Pylon  
  54  5:35  Charge (Chrono Boost)  
  54  5:36  Pylon  
  54  5:48  Probe, Phoenix  
  54  5:50  Protoss Ground Weapons Level 1 (Chrono Boost)  
  54  5:51  Probe, Protoss Ground Armor Level 1 (Chrono Boost)  
  55  6:01  Probe  
  55  6:03  Probe  
  57  6:09  Probe  
  57  6:11  Shield Battery  
  58  6:13  Probe  
  58  6:14  Nexus  
  58  6:16  Probe  
  60  6:21  Probe  
  60  6:25  Gateway, Probe  
  62  6:28  Probe  
  63  6:33  Probe (Chrono Boost)  
  63  6:35  Gateway  
  63  6:37  Gateway, Probe (Chrono Boost)  
  65  6:41  Templar Archives  
  65  6:44  Probe (Chrono Boost)  
  65  6:46  Gateway, Probe (Chrono Boost)  
  67  6:49  Probe (Chrono Boost)  
  67  6:53  Probe (Chrono Boost)  
  70  6:54  Gateway, Probe x2 (Chrono Boost)  
  70  7:00  Pylon  
  71  7:01  Probe  
  71  7:02  Pylon  
  71  7:03  Probe  
  71  7:04  Pylon, Probe  
  74  7:10  Zealot x3  
  74  7:13  Probe  
  81  7:15  Probe  
  81  7:16  Probe  
  81  7:17  Gateway  
  81  7:19  Gateway  
  81  7:21  Pylon  
  83  7:30  Zealot x4  
  83  7:31  Zealot  
  91  7:39  High Templar  
  91  7:41  High Templar  
  95  7:45  Nexus, Probe x2  
  95  7:47  Probe x2  
  95  7:48  Pylon, Archon  
  99  7:57  Probe x2  
  101  7:58  Protoss Ground Weapons Level 2 (Chrono Boost)  
  101  7:59  Probe x2  
  101  8:05  Gateway  
  103  8:08  Gateway  
  103  8:09  Assimilator, Probe x2  
  103  8:11  Probe x2  
  107  8:21  Probe x2  
  107  8:23  Probe x2  
  108  8:28  Protoss Ground Armor Level 2 (Chrono Boost)  
  108  8:31  Assimilator, Zealot x9  
  108  8:32  Assimilator  
  108  8:33  Probe x2  
  128  8:35  Probe x2  
  128  8:41  Robotics Facility  
  130  8:45  Probe  
  130  8:47  Assimilator  
  131  8:49  Pylon, Assimilator  
  131  8:51  Zealot x4  
  131  8:53  Pylon  
  131  8:54  Pylon  
  139  8:56  Shield Battery  
  139  9:08  Pylon  
  139  9:10  Probe x3  
  139  9:13  Pylon  
  142  9:20  High Templar x2, Zealot x10  
  166  9:24  Photon Cannon  
  166  9:25  Photon Cannon, Archon  
  166  9:29  Phoenix (Chrono Boost)  
  161  9:42  Zealot x8  
  175  9:49  Zealot x2  
  175  9:50  Blink (Chrono Boost)  
  175  9:51  Probe x2, Phoenix (Chrono Boost)  
  182  9:59  Robotics Bay  
  182  10:08  Pylon  
  182  10:12  Pylon  
  180  10:22  Protoss Ground Weapons Level 3 (Chrono Boost), Observer (Chrono Boost)  
  180  10:27  Probe x4  
  185  10:32  Robotics Facility  
  185  10:35  Observer (Chrono Boost)  
  185  10:36  Photon Cannon  
  185  10:39  Shield Battery  
  185  10:41  Zealot x5  
  185  10:42  Stalker x2  
  199  10:43  Pylon  
  195  11:10  Zealot x2  
  175  11:19  Zealot x10  
  161  11:28  Colossus (Chrono Boost)  
  161  11:31  Colossus (Chrono Boost)  
  134  11:39  Stalker x3  
  136  11:40  Stalker x4, Zealot x3  
  136  11:41  Zealot x2  
  136  11:44  Extended Thermal Lance (Chrono Boost)  
  151  12:01  Zealot x5  
  151  12:02  Nexus, Zealot x3  
  151  12:03  Pylon, Zealot x4  
  149  12:15  Colossus  
  155  12:18  Colossus  
  155  12:21  Zealot x2  
  155  12:22  Stalker, Zealot x2  
  153  12:23  Stalker  
  149  12:31  Phoenix (Chrono Boost)  
  149  12:34  Probe x3  
  149  12:35  Pylon  
  153  12:37  Pylon, Probe  
  153  12:40  Pylon  
  153  12:44  Zealot x8, Probe  
  162  12:46  Probe x2  
  162  12:49  Phoenix  
  174  12:57  Probe x3  
  172  13:03  Zealot  
  166  13:12  Zealot x4  
  172  13:14  Phoenix  
  172  13:16  Probe x3  
  177  13:25  Zealot x7  
  189  13:29  Zealot x4  
  189  13:30  Zealot x5  
  189  13:32  Zealot x3  
  186  13:39  Zealot  
  186  13:41  Phoenix (Chrono Boost)  
  190  13:49  Zealot  
  190  13:50  Zealot x2  
  190  13:51  Probe  
  190  13:52  Probe x3  
  199  14:13  Pylon  
  199  14:16  Protoss Ground Armor Level 3 (Chrono Boost)  
  199  14:17  Protoss Shields Level 1 (Chrono Boost)  
  199  14:26  Observer  
  199  14:28  Probe  
  199  14:30  Probe  
  198  14:34  Probe x2  
  182  14:47  Zealot x8  
  164  15:00  Zealot x2  
  164  15:01  Zealot x2  
  148  15:07  Zealot x5  
  148  15:08  Zealot  
  148  15:11  Stalker x2  
  163  15:14  Phoenix (Chrono Boost)  
  165  15:22  Pylon  
  165  15:23  Pylon  
  165  15:24  Shield Battery  
  165  15:27  Assimilator  
  165  15:28  Photon Cannon, Probe x6, Assimilator  
  171  15:38  High Templar x4  
  171  15:39  High Templar x2, Zealot x4  
  171  15:40  Probe x4  
  195  15:45  Archon x2  
  195  15:47  Archon  
  195  15:48  Probe x2  
  197  15:52  Probe x2  
  189  16:02  Zealot x6  
  177  16:10  Zealot x2  
  123  16:22  Stalker x6  
  123  16:24  Zealot x4  
  128  16:29  Probe x3  
  128  16:30  Probe  
  130  16:33  Zealot x2  
  130  16:36  Probe  
  130  16:42  Probe  
  125  16:47  Stalker x4  
  125  16:48  Probe x3  
  125  16:54  Probe x3  
  125  17:00  High Templar x4, Probe x3  
  136  17:01  Zealot x7  
  136  17:06  Probe x3  
  136  17:07  Archon  
  153  17:11  Zealot  
  149  17:21  Archon  
  143  17:24  Phoenix (Chrono Boost)  
  145  17:35  Probe x2  
  145  17:36  Probe  
  148  17:37  Probe x2  
  148  17:38  Probe  
  147  17:51  Stalker x2  
  147  17:52  Stalker x5  
  161  18:02  Probe  
  162  18:08  Probe x2  
  164  18:13  Probe  
  164  18:16  Pylon  
  165  18:23  Colossus (Chrono Boost)  
  165  18:25  Photon Cannon, Shield Battery  
  165  18:26  Probe x5  
  160  18:30  Pylon  
  166  18:34  Assimilator  
  166  18:38  Probe x2  
  166  18:39  Observer (Chrono Boost)  
  166  18:41  Zealot x5  
  182  18:48  Probe x3  
  182  18:50  Probe  
  182  18:53  Zealot x3  
  186  18:58  Observer  
  121  19:10  Disruptor (Chrono Boost)  
  121  19:12  Zealot x9  
  121  19:16  Disruptor (Chrono Boost)  
  140  19:18  Zealot x2  
  140  19:19  Zealot  
  148  19:37  High Templar x2, Zealot x4  
  160  19:41  Archon  
  160  19:43  Zealot  
  162  19:46  Disruptor x2 (Chrono Boost)  
  168  19:59  Pylon, Nexus  
  168  20:06  Zealot  
  168  20:07  Zealot x6  
  175  20:11  Zealot x2  
  177  20:24  Colossus x2 (Chrono Boost)  
  168  20:39  Probe x4  
  168  20:40  Probe  
  173  20:45  Assimilator  
  173  20:46  Assimilator  
  173  20:51  Probe  
  173  20:52  Zealot  
  173  20:55  High Templar x2  
  180  21:00  Archon  
  180  21:02  Colossus (Chrono Boost)  
  180  21:03  Observer (Chrono Boost)  
  187  21:11  Zealot  
  189  21:16  Stalker x5  
  196  21:22  Disruptor (Chrono Boost)  
  169  21:44  Observer  
  153  21:51  Zealot  
  153  21:52  Zealot x3  
  157  21:54  Zealot x3  
  157  21:55  Zealot x3  
  157  21:56  Disruptor  
  170  22:15  Disruptor  
  170  22:31  Zealot  
  163  22:37  Stalker x4  
  157  22:51  Stalker x4  
  157  22:52  Stalker  
  157  22:55  Pylon, Disruptor (Chrono Boost)  
  157  22:57  Disruptor (Chrono Boost)  
  160  23:10  Stalker x4  
  160  23:11  Stalker  
  139  23:27  Stalker x4  
  139  23:28  Zealot  
  143  23:43  Disruptor  
  142  23:48  Zealot x6  
  142  23:49  Phoenix (Chrono Boost)  
  142  23:50  Zealot x2  
  159  24:00  Zealot x2  
  150  24:25  Stalker  
  150  24:26  Stalker x6  
  131  24:55  Zealot x8  
  140  25:03  Zealot  
  142  25:16  Zealot  
  144  25:23  High Templar  
  144  25:24  High Templar x3  
  150  25:30  Archon  
  150  25:31  Archon  
  150  25:36  Zealot x3  
  150  25:39  Zealot  
  158  25:44  Zealot  
  154  25:55  Zealot  
  152  25:58  Colossus (Chrono Boost)  
  137  26:19  Stalker x4  
  137  26:22  Probe x2  
  137  26:25  Disruptor (Chrono Boost)  
  89  27:03  Stalker x2  
  89  27:04  Stalker x4  
  89  27:07  Probe  
  98  27:13  Probe x2  
  90  27:24  High Templar x2  
  90  27:28  Probe  
  90  27:29  Archon  
  84  27:47  Zealot  
  61  28:00  Stalker  
  62  28:12  High Templar x2  
  63  28:13  High Templar x2  
  63  28:16  Psionic Storm  
  66  28:40  High Templar  
  68  28:44  High Templar  
  68  28:56  High Templar x2  
  68  29:02  High Templar  
  64  29:21  Stalker  
  66  29:25  Stalker  
  52  29:51  Archon  
  52  29:52  Archon  
  50  29:53  Stalker x2  
  50  29:57  Zealot  
  56  30:18  High Templar  
  56  30:19  Stalker, High Templar  
  58  30:43  Stalker x2  
  58  30:49  High Templar  
  64  30:53  High Templar  
  65  31:14  Stalker  
  45  31:30  Archon x2  

Tags
 
Add a new tag
Caveats
  • Supply blocks, unpowered buildings, or Contaminate may cause inaccurate times.
  • Supply counts are checked every 10 seconds.